 Dungeon Crawl Stone Soup version 0.31-a0-185-g9dded2c639 (webtiles) character file.

Game seed: 6810339649755401944

146 qw the Skirmisher (level 5, -1/29 HPs)
             Began as a Deep Elf Hunter on June 22, 2023.
             Slain by an orc priest
             ... wielding a +0 club
              (2 damage)
             ... on level 3 of the Dungeon.
             The game lasted 00:00:43 (1917 turns).

qw the Skirmisher (Deep Elf Hunter)                 Turns: 1917, Time: 00:00:43

Health: -1/29      AC:  8    Str: 10    XL:     5   Next: 7%
Magic:  7/7        EV: 11    Int: 14    God:
Gold:   172        SH:  0    Dex: 18    Spells: 4/4 levels left

rFire   . . .        Y - +1 shortbow
rCold   . . .        (shield currently unavailable)
rNeg    . . .        a - +0 ring mail
rPois   .            i - +2 helmet {SInv}
rElec   .            (no cloak)
rCorr   .            (no gloves)
SInv    +            (no boots)
Will    .....        (no amulet)
Stlth   +            (no ring)
HPRegen 0.24/turn    (no ring)
MPRegen 0.10/turn

%: no passive effects
@: no status effects
A: no striking features
a: no special abilities


You were on level 3 of the Dungeon.
You visited 1 branch of the dungeon, and saw 3 of its levels.

You collected 172 gold pieces.


   Skills:
 - Level 1.5 Fighting
 + Level 8.5 Ranged Weapons
 - Level 2.4 Dodging
 - Level 1.2 Stealth


You had 4 spell levels left.
You didn't know any spells.
Your spell library was empty.

Inventory:

Hand Weapons
 Y - a +1 shortbow (weapon)
Armour
 a - a +0 ring mail (worn)
 d - a +0 cloak
 i - a +2 helmet of see invisible (worn)
Scrolls
 b - 3 scrolls of identify
Potions
 c - a potion of resistance {unknown}
 f - a potion of mutation
 g - a potion of enlightenment

Dungeon Overview and Level Annotations

Branches:
Dungeon (3/15)

Altars:


Message History

You shoot an arrow.
The arrow closely misses the orc priest.
You shoot an arrow. The arrow hits the orc priest.
The orc priest is moderately wounded.
The orc priest casts a cantrip, but nothing happens.
You shoot an arrow.
The arrow hits the orc priest but does no damage.
The orc priest is moderately wounded.
The orc priest barely misses you.
You shoot an arrow.
The arrow closely misses the orc priest.
The orc priest looks encouraged for a moment.
You shoot an arrow.
The arrow hits the orc priest but does no damage.
The orc priest is moderately wounded.
The orc priest hits you with a +0 club.
You shoot an arrow. The arrow hits the orc priest.
The orc priest is moderately wounded.
The orc priest calls down the wrath of Beogh upon you.
Pain shoots through your body!
You shoot an arrow.
The arrow closely misses the orc priest.
The orc priest mumbles some strange prayers to Beogh against you.
Beogh smites you!
You shoot an arrow.
The arrow hits the orc priest but does no damage.
The orc priest is moderately wounded.
The orc priest closely misses you.
You shoot an arrow. The arrow barely misses the orc priest.
The orc priest hits you but does no damage.
You shoot an arrow. The arrow hits the orc priest.
The orc priest is heavily wounded.
The orc priest hits you but does no damage.
The orc priest calls down the wrath of Beogh upon you.
Beogh smites you!
You shoot an arrow. The arrow barely misses the orc priest.
The orc priest barely misses you.
You shoot an arrow. The arrow barely misses the orc priest.
The orc priest hits you with a +0 club.
You die...

##################
.................#
################.#
#@# #o# #.# #.#
#)# #)# #.# .>#


You could see an orc priest.

Vanquished Creatures
  2 orc wizards (D:3)
  3 adders (D:2)
  2 worms (D:2)
  7 orcs (D:3)
  5 bats
  7 endoplasms
  2 giant cockroaches (D:1)
  3 goblins (D:1)
  5 hobgoblins
  3 quokkas
  4 ball pythons
  2 frilled lizards
  5 kobolds
  5 rats
55 creatures vanquished.

Notes
Turn   | Place    | Note
-------+----------+-------------------------------------------
     0 | D:1      | qw the Deep Elf Hunter began the quest for the Orb.
     0 | D:1      | Reached XP level 1. HP: 12/12 MP: 3/3
     0 | D:1      | 0 ||| qw: Version: 0.3-a-9-g12657ce
     0 | D:1      | 0 ||| qw: Game counter: 1683
     0 | D:1      | 0 ||| qw: Always use a shield: true
     0 | D:1      | 0 ||| qw: God list: Okawaru
     0 | D:1      | 0 ||| qw: Allow faded altars: false
     0 | D:1      | 0 ||| qw: Do Orc after D:15 true
     0 | D:1      | 0 ||| qw: Do second Lair branch before Depths: true
     0 | D:1      | 0 ||| qw: Lair rune preference: random
     0 | D:1      | 0 ||| qw: Plans: Normal
     0 | D:1      | 0 ||| PLANNING D:1-11
   154 | D:1      | Reached XP level 2. HP: 16/16 MP: 4/4
   157 | D:1      | Reached skill level 6 in Ranged Weapons
   291 | D:1      | Found a faded altar of an unknown god.
   710 | D:1      | 710 ||| UPGRADING to +2 helmet of see invisible.
   715 | D:1      | 715 ||| READING scroll labelled DIZYGO DOLID.
   716 | D:1      | 716 ||| READING scroll labelled JEBITHRI NIAM.
   745 | D:1      | 745 ||| READING scroll labelled GEYTU BEAGH.
   746 | D:1      | 746 ||| READING scroll labelled QUESSO MEPHASEAL.
   747 | D:1      | 747 ||| READING scroll labelled IGHAIK ACZOR.
   748 | D:1      | 748 ||| DROPPING scroll of butterflies.
   774 | D:2      | Reached XP level 3. HP: 20/20 MP: 5/5
   935 | D:2      | Reached skill level 7 in Ranged Weapons
  1116 | D:2      | HP: 5/20 [poisoned by an adder]
  1120 | D:2      | HP: 2/20 [poisoned by an adder]
  1398 | D:2      | Reached XP level 4. HP: 25/25 MP: 6/6
  1461 | D:2      | 1461 ||| UPGRADING to +0 ring mail.
  1471 | D:2      | 1471 ||| DROPPING +0 leather armour.
  1472 | D:2      | 1472 ||| READING scroll labelled ZIECZISHR WYPEU.
  1473 | D:2      | 1473 ||| READING 5 scrolls of identify.
  1473 | D:2      | 1473 ||| IDENTIFYING coppery potion
  1474 | D:2      | 1474 ||| READING 4 scrolls of identify.
  1474 | D:2      | 1474 ||| IDENTIFYING clear potion
  1475 | D:2      | 1475 ||| READING 3 scrolls of identify.
  1475 | D:2      | 1475 ||| IDENTIFYING fizzy emerald potion
  1476 | D:2      | 1476 ||| DROPPING potion of lignification.
  1776 | D:3      | Reached skill level 8 in Ranged Weapons
  1900 | D:3      | Reached XP level 5. HP: 29/29 MP: 7/7
  1915 | D:3      | HP: 1/29 [orc priest/divine providence (13)]
  1917 | D:3      | Slain by an orc priest

Levels and vault maps discovered:
D:1:      lightli_arrival_boilingwater, layout_basic,
          ebering_ecumenical_altar_webs, minmay_unequal
D:2:      layout_basic, st_stairs_9, kennysheep_cross_room, item_on_display_a
D:3:      layout_basic

Skill      XL: |  1  2  3  4 |
---------------+-------------+-----
Ranged Weapons | 6 7 8 |  8.5
Fighting       | |  1.5
Dodging        | |  2.4
Stealth        | |  1.2

Action                     |  1- 3 |  4- 6 || total
---------------------------+-------+-------++-------
   Fire: Shortbow          |    94 |    53 ||   147
    Use: Scroll            |     5 |     4 ||     9
 Armour: Leather armour    |    13 |       ||    13
         Ring mail         |       |     7 ||     7
  Dodge: Dodged            |    13 |     4 ||    17

Table legend:
 A = Non-vault XP
 B = Vault XP
 C = Vault XP percentage of total XP
 D = Non-vault monster count
 E = Vault monster count
 F = Vault count percentage of total count
                 A         B        C        D         E       F
            +---------+---------+-------+---------+---------+-------
      Total |     188 |      21 |  10.0 |      49 |       6 |  10.9
            +---------+---------+-------+---------+---------+-------
        D:1 |      27 |       7 |  20.6 |      16 |       4 |  20.0
        D:2 |      50 |      14 |  21.9 |      13 |       2 |  13.3
        D:3 |     111 |       0 |   0.0 |      20 |       0 |   0.0
            +---------+---------+-------+---------+---------+-------
